[Event "Titled Tuesday Blitz November 01 Late 2022"]
[White "Perske, Thore"]
[Black "chess50years"]
[WhiteFideId "12902195"]
[WhiteElo "2336"]
[BlackElo "2062"]
[Result "1/2-1/2"]
[Round "07"]
[TimeControl "180+1"]
[Date "2022.11.02"]
[WhiteClock "0:01:15"]
[BlackClock "0:00:26"]

1. d4 Nf6 2. g3 e6 3. Bg2 c5 4. Nf3 cxd4 5. O-O Nc6 6. Nxd4 Bc5 7. Nb3 Be7 8. c4 b6 9. Nc3 Bb7 10. Nb5 d6 11. Bf4 e5 12. Bg5 a6 13. Nc3 O-O 14. Qd2 Rc8 15. Rfd1 Na5 16. Nxa5 Bxg2 17. Kxg2 bxa5 18. Bxf6 Bxf6 19. Qxd6 Qxd6 20. Rxd6 Rxc4 21. Rxa6 e4 22. Rxa5 Rxc3 23. bxc3 Bxc3 24. Ra4 Bxa1 25. Rxe4 Ra8 26. a4 g6 27. Rc4 Kg7 28. e4 Be5 29. f4 Bd6 30. e5 Be7 31. Kf3 h5 32. Rc7 Bd8 33. Rd7 Kf8 34. Rd4 Ba5 35. Rc4 Ra7 36. h3 Ke7 37. g4 hxg4+ 38. hxg4 Rc7 39. Rxc7+ Bxc7 40. Ke4 Ba5 41. f5 gxf5+ 42. gxf5 Kd7 43. Kd5 Bc3 44. e6+ fxe6+ 45. fxe6+ Ke7 46. a5 Bxa5 47. Kc6 Kxe6 1/2-1/2


[Site "https://www.chess.com"]

[Event "Titled Tuesday Blitz November 01 Late 2022"]
[White "Pinheiro, Iung Alicio de O."]
[Black "Grot, Blazej"]
[WhiteFideId "2104350"]
[BlackFideId "21835845"]
[WhiteElo "2283"]
[BlackElo "1739"]
[Result "0-1"]
[Round "07"]
[TimeControl "180+1"]
[Date "2022.11.02"]
[WhiteClock "0:00:09"]
[BlackClock "0:00:09"]

1. Nf3 Nf6 2. g3 g6 3. Bg2 Bg7 4. O-O O-O 5. c4 d6 6. Nc3 Nbd7 7. d3 e5 8. Rb1 c6 9. b4 Re8 10. Ne1 Qc7 11. b5 a6 12. bxc6 bxc6 13. Qa4 Bb7 14. Ba3 d5 15. cxd5 cxd5 16. Rc1 Qd8 17. Nc2 Rc8 18. Nb4 a5 19. Nbxd5 Nxd5 20. Bxd5 Nb6 21. Bxf7+ Kxf7 22. Qb3+ Re6 23. Ne4 Bxe4 24. dxe4 a4 25. Rxc8 Qxc8 26. Qb5 Qc4 27. Qa5 h5 28. Rc1 Qxe4 29. Rc7+ Kg8 30. Qa7 Qb1+ 31. Bc1 Nd7 32. Kg2 Rd6 33. Qa8+ Kh7 34. Qd8 Qe4+ 35. Kh3 Qf5+ 36. Kg2 Rd1 37. Rc8 Qe4+ 38. Kh3 Qf5+ 39. Kg2 Qe4+ 40. f3 Nf6 41. Kh3 Qf5+ 42. Kh4 Rxd8 43. Rxd8 Ne4 44. fxe4 Qf6+ 45. Kh3 Qxd8 46. Kg2 Qd7 47. Bg5 Qc6 48. h3 Bf6 49. Kf2 Qc2 50. Be3 Qxa2 51. Kf3 Qb3 52. g4 a3 53. gxh5 Bg5 54. h4 Qxe3+ 0-1


[Site "https://www.chess.com"]

[Event "Titled Tuesday Blitz November 01 Late 2022"]
[White "Plat, Vojtech"]
[Black "Xiong, Jeffery"]
[WhiteFideId "325740"]
[BlackFideId "2047640"]
[WhiteElo "2514"]
[BlackElo "2725"]
[Result "0-1"]
[Round "07"]
[TimeControl "180+1"]
[Date "2022.11.01"]
[WhiteClock "0:00:03"]
[BlackClock "0:00:04"]

1. e4 c5 2. Nf3 d6 3. c3 Nf6 4. Bc4 g6 5. Qe2 Bg7 6. e5 dxe5 7. Nxe5 O-O 8. O-O Nbd7 9. d4 cxd4 10. cxd4 Nb6 11. Bb3 Qxd4 12. Rd1 Qh4 13. Nc3 Bf5 14. Nf3 Qb4 15. Nd4 Bg4 16. f3 Bd7 17. a3 Qc5 18. Be3 Qh5 19. Bf2 e5 20. Ndb5 e4 21. Nd6 exf3 22. Qxf3 Bg4 23. Qxb7 Bxd1 24. Rxd1 Ng4 25. Bg3 Rad8 26. Rf1 Bd4+ 27. Kh1 Nxh2 28. Bxf7+ Kh8 29. Rf5 Qh6 30. Bf4 Qh4 31. Bg5 Qe1+ 32. Kxh2 gxf5 33. Nce4 Be5+ 34. g3 Rxd6 35. Qe7 Qe2+ 36. Kh3 Qg4+ 37. Kh2 Qe2+ 38. Kh3 Bg7 0-1


[Site "https://www.chess.com"]

[Event "Titled Tuesday Blitz November 01 Late 2022"]
[White "Poliakova, Varvara"]
[Black "Voigt, Martin"]
[WhiteFideId "13518313"]
[BlackFideId "4607228"]
[WhiteElo "1938"]
[BlackElo "2356"]
[Result "1-0"]
[Round "07"]
[TimeControl "180+1"]
[Date "2022.11.02"]
[WhiteClock "0:00:28"]
[BlackClock "0:00:03"]

1. e4 c6 2. d4 d5 3. Nd2 dxe4 4. Nxe4 Nf6 5. Nxf6+ exf6 6. c3 Bd6 7. Bd3 O-O 8. Qc2 Re8+ 9. Ne2 h5 10. Be3 Be6 11. O-O-O Nd7 12. Kb1 a5 13. Ng3 h4 14. Nf5 Bxf5 15. Bxf5 a4 16. g3 h3 17. Bxh3 b5 18. Qf5 Nb6 19. Bf1 Nd5 20. Bd2 a3 21. b3 g6 22. Qf3 Kg7 23. Bd3 b4 24. c4 Nc3+ 25. Bxc3 bxc3 26. h4 f5 27. h5 Qf6 28. hxg6 fxg6 29. Rh4 Rh8 30. Rdh1 Rxh4 31. Rxh4 Rh8 32. Rxh8 Kxh8 33. Qxc6 Qxd4 34. Bc2 Qd2 35. Qh1+ Kg7 36. Qd1 Bc5 37. Qxd2 cxd2 38. Bd1 Bxf2 39. Kc2 Bxg3 40. Kxd2 Kf6 41. b4 Ke5 42. Kd3 g5 43. c5 Bf2 44. Kc4 g4 45. b5 Be3 46. b6 Ke6 47. Kb5 Bf4 48. c6 Kd6 49. c7 Kd7 50. Bc2 Bxc7 51. Bxf5+ Kd6 52. bxc7 Kxc7 53. Bxg4 Kb8 54. Ka4 Ka7 55. Kxa3 1-0


[Site "https://www.chess.com"]

[Event "Titled Tuesday Blitz November 01 Late 2022"]
[White "Popilski, Gil"]
[Black "Ernst, Sipke"]
[WhiteFideId "2809060"]
[BlackFideId "1004689"]
[WhiteElo "2545"]
[BlackElo "2675"]
[Result "1-0"]
[Round "07"]
[TimeControl "180+1"]
[Date "2022.11.02"]
[WhiteClock "0:00:11"]
[BlackClock "0:00:49"]

1. d4 Nf6 2. c4 Nc6 3. a3 e6 4. Nc3 d6 5. Bg5 h6 6. Bxf6 Qxf6 7. Nf3 g5 8. e3 Bg7 9. Bd3 g4 10. Nd2 h5 11. h3 e5 12. d5 Nb8 13. Nde4 Qe7 14. Ng3 Na6 15. hxg4 Bxg4 16. Be2 Nc5 17. Bxg4 hxg4 18. Rxh8+ Bxh8 19. Qxg4 e4 20. Ke2 Bxc3 21. bxc3 Qe5 22. Rh1 Qxc3 23. Qg8+ Ke7 24. Nf5+ Kf6 25. Qg7+ Kxf5 26. g4# 1-0


[Site "https://www.chess.com"]

[Event "Titled Tuesday Blitz November 01 Late 2022"]
[White "Powell, Paul"]
[Black "Myers, Dominique"]
[WhiteFideId "2005840"]
[BlackFideId "2041715"]
[WhiteElo "2051"]
[BlackElo "1986"]
[Result "0-1"]
[Round "07"]
[TimeControl "180+1"]
[Date "2022.11.02"]
[WhiteClock "0:00:03"]
[BlackClock "0:01:09"]

1. d4 d5 2. Nc3 Nf6 3. Bf4 e6 4. Nf3 Bd6 5. e3 O-O 6. Bd3 a6 7. Qd2 c5 8. dxc5 Bxc5 9. g4 Nc6 10. g5 Nh5 11. h4 Re8 12. O-O-O Qa5 13. Ne5 Nxf4 14. exf4 d4 15. Nb1 Qxa2 16. Qe2 Ne7 17. Nxf7 Kxf7 18. Qh5+ Kf8 19. Qxh7 e5 20. Qh5 Qf7 21. Qe2 Qxf4+ 22. Nd2 Nd5 23. h5 Bg4 24. f3 Bf5 25. h6 Ne3 26. hxg7+ Kxg7 27. Bxf5 Qxf5 28. Qc4 Nxc4 0-1


[Site "https://www.chess.com"]

[Event "Titled Tuesday Blitz November 01 Late 2022"]
[White "Predke, Alexandr"]
[Black "Rorrer, Grayson"]
[WhiteFideId "24107581"]
[BlackFideId "30944996"]
[WhiteElo "2614"]
[BlackElo "2130"]
[Result "1/2-1/2"]
[Round "07"]
[TimeControl "180+1"]
[Date "2022.11.01"]
[WhiteClock "0:00:04"]
[BlackClock "0:00:02"]

1. Nf3 Nf6 2. c4 e6 3. g3 d5 4. Bg2 dxc4 5. Qa4+ Bd7 6. Qxc4 c5 7. Ne5 Qc8 8. Qd3 Nc6 9. Nxd7 Nxd7 10. O-O Be7 11. Nc3 O-O 12. b3 Rd8 13. Bb2 Nf6 14. Qc2 Qd7 15. Rad1 Rac8 16. Ne4 Nd4 17. Qd3 Nd5 18. e3 Nb4 19. Qb1 Nf5 20. d4 cxd4 21. exd4 Nd5 22. Nc5 Qb5 23. Be4 b6 24. Nd3 Nf6 25. Ne5 Nxe4 26. Qxe4 Qd5 27. Qxd5 Rxd5 28. Rc1 Re8 29. Rc7 Nxd4 30. Bxd4 Rxd4 31. Nc6 Bd6 32. Rd7 Rd2 33. Nxa7 Rxa2 34. Rxd6 Rxa7 35. Rxb6 g6 36. Rb1 Rc8 37. Rb2 Kg7 38. b4 Rcc7 39. b5 Rab7 40. Rxb7 Rxb7 41. Kg2 Kf6 42. Kf3 Ke5 43. Ke3 Kd5 44. Kf4 f6 45. g4 e5+ 46. Ke3 Kc5 47. Ke4 Rxb5 48. Rxb5+ Kxb5 49. g5 fxg5 50. Kxe5 Kc4 51. Kf6 Kd3 52. Kxg5 Ke2 53. Kh6 Kxf2 54. Kxh7 Kg2 55. Kxg6 Kxh2 1/2-1/2


[Site "https://www.chess.com"]

[Event "Titled Tuesday Blitz November 01 Late 2022"]
[White "Putnam, Liam"]
[Black "Galchenko, Matvey"]
[WhiteFideId "30938279"]
[BlackFideId "24175480"]
[WhiteElo "2082"]
[BlackElo "2423"]
[Result "0-1"]
[Round "07"]
[TimeControl "180+1"]
[Date "2022.11.01"]
[WhiteClock "0:00:04"]
[BlackClock "0:00:59"]

1. Nf3 d5 2. b3 Bf5 3. Bb2 e6 4. e3 Nf6 5. c4 c6 6. Be2 Nbd7 7. Nh4 Bg6 8. Nc3 Bd6 9. d4 Be4 10. f3 Bg6 11. Qd2 Ne4 12. Nxe4 Bxe4 13. g3 Bg6 14. O-O-O a5 15. Nxg6 hxg6 16. cxd5 exd5 17. e4 dxe4 18. fxe4 a4 19. e5 Be7 20. Kb1 axb3 21. axb3 Nb6 22. e6 Qd5 23. exf7+ Kf8 24. Qc2 Qa5 25. Bc3 Bb4 26. Bb2 Qa2+ 27. Kc1 Nd5 28. Rd3 g5 29. Rf3 Rh6 30. h4 g4 31. Rf2 Ne3 32. Qd3 Re6 33. Qh7 Bd2+ 34. Kxd2 Qxb2+ 35. Kd3 Qc2# 0-1


[Site "https://www.chess.com"]

[Event "Titled Tuesday Blitz November 01 Late 2022"]
[White "Qashashvili, Alexandre"]
[Black "Zanette, Edgard Vinicius"]
[WhiteFideId "13600842"]
[BlackFideId "2109263"]
[WhiteElo "2405"]
[BlackElo "2236"]
[Result "0-1"]
[Round "07"]
[TimeControl "180+1"]
[Date "2022.11.02"]
[WhiteClock "0:00:04"]
[BlackClock "0:00:48"]

1. e4 c5 2. Nc3 e6 3. Nf3 a6 4. Be2 d5 5. exd5 exd5 6. d4 c4 7. Bf4 Nf6 8. O-O Be7 9. Ne5 O-O 10. h3 Nc6 11. Bf3 Be6 12. Ne2 Qb6 13. b3 Rfd8 14. Rb1 cxb3 15. Rxb3 Qa7 16. Re1 Rac8 17. a4 Na5 18. Rc3 Ra8 19. Qb1 Ne4 20. Bxe4 dxe4 21. Be3 Bd5 22. Nf4 Bc6 23. Nxc6 bxc6 24. d5 c5 25. Rd1 Bd6 26. Qc1 Qc7 27. Qd2 Rac8 28. Nh5 Nb7 29. Bf4 Be5 30. Rg3 g6 31. Bxe5 Qxe5 32. Qh6 Rd6 33. Rg5 Qh8 0-1


[Site "https://www.chess.com"]

[Event "Titled Tuesday Blitz November 01 Late 2022"]
[White "Rios Escobar, Adan"]
[Black "Floresvillar Gonzalez, Luis Migu"]
[WhiteFideId "3403645"]
[BlackFideId "5100542"]
[WhiteElo "2339"]
[BlackElo "2040"]
[Result "1-0"]
[Round "07"]
[TimeControl "180+1"]
[Date "2022.11.02"]
[WhiteClock "0:00:35"]
[BlackClock "0:01:05"]

1. d4 d5 2. c4 c6 3. Nf3 Nf6 4. g3 dxc4 5. Bg2 b5 6. O-O Bb7 7. b3 cxb3 8. Qxb3 Nbd7 9. Rd1 e6 10. Nc3 Be7 11. Ne5 Nxe5 12. dxe5 Nd7 13. Nxb5 Qb6 14. Nd6+ Bxd6 15. exd6 Nc5 16. Qc3 O-O 17. Be3 Na4 18. Qc2 Qa6 19. Rab1 Nb6 20. Be4 f5 21. Bd3 Qa5 22. Qb3 Qd5 23. Bxb6 Qxb3 24. Rxb3 axb6 25. Rxb6 Bc8 26. Rxc6 Rxa2 27. Bc4 Ra7 28. Rxc8 Rxc8 29. Bxe6+ Kf8 30. Bxc8 Ke8 31. Bxf5 h6 32. d7+ Kd8 33. Rc1 1-0


[Site "https://www.chess.com"]

[Event "Titled Tuesday Blitz November 01 Late 2022"]
[White "Rodriguez Santiago, Jaime"]
[Black "Khandelwal, Ankush"]
[WhiteFideId "3100898"]
[BlackFideId "413470"]
[WhiteElo "2025"]
[BlackElo "2271"]
[Result "0-1"]
[Round "07"]
[TimeControl "180+1"]
[Date "2022.11.02"]
[WhiteClock "0:00:25"]
[BlackClock "0:00:51"]

1. c4 Nf6 2. Nc3 g6 3. g3 Bg7 4. Bg2 O-O 5. e4 d6 6. Nge2 c5 7. d3 Nc6 8. O-O a6 9. a4 Rb8 10. h3 Bd7 11. Be3 Qc8 12. Kh2 Ne8 13. d4 cxd4 14. Nxd4 Nxd4 15. Bxd4 Qxc4 16. Bxg7 Nxg7 17. Nd5 Rfe8 18. Rc1 Qxa4 19. b3 Qb5 20. Nc7 Qa5 21. Nxe8 Nxe8 22. f4 Bc6 23. f5 Nf6 24. Qe2 Bb5 25. Qe1 Qa2 26. Rf2 Qxb3 27. e5 dxe5 28. Qxe5 Re8 29. fxg6 hxg6 30. Rxf6 exf6 31. Qxf6 Bc6 32. Rg1 Qc2 33. Kh1 Re2 34. Qd8+ Kg7 35. Qd4+ f6 36. Qd6 Bxg2+ 37. Rxg2 Rxg2 38. Qe7+ Kh6 39. Qf8+ Kg5 40. h4+ Kg4 41. Qb4+ Kh3 0-1


[Site "https://www.chess.com"]

[Event "Titled Tuesday Blitz November 01 Late 2022"]
[White "Roque Sola, Gisela"]
[Black "Soto Vega, Jorge"]
[WhiteFideId "5120241"]
[BlackFideId "3800580"]
[WhiteElo "1961"]
[BlackElo "2263"]
[Result "0-1"]
[Round "07"]
[TimeControl "180+1"]
[Date "2022.11.02"]
[WhiteClock "0:00:57"]
[BlackClock "0:01:56"]

1. e4 d5 2. exd5 Qxd5 3. Nc3 Qa5 4. b4 Qxb4 5. Rb1 Qd6 6. d4 c6 7. Bc4 Nf6 8. Nf3 e6 9. O-O Be7 10. Ne5 O-O 11. Bf4 Qd8 12. Qf3 Nbd7 13. Nxc6 bxc6 14. Qxc6 Qa5 15. Nb5 Nb6 16. Nc7 Bd7 17. Qf3 Rac8 18. Rfe1 Nxc4 0-1


[Site "https://www.chess.com"]

[Event "Titled Tuesday Blitz November 01 Late 2022"]
[White "Roque Sola, Jose Luis"]
[Black "Da Silva Junior, Sediney Mari"]
[WhiteFideId "5120390"]
[BlackFideId "2132079"]
[WhiteElo "2117"]
[BlackElo "1996"]
[Result "1-0"]
[Round "07"]
[TimeControl "180+1"]
[Date "2022.11.02"]
[WhiteClock "0:00:57"]
[BlackClock "0:01:52"]

1. c4 e5 2. Nc3 Nc6 3. Nf3 g6 4. g3 Bg7 5. Bg2 d6 6. d3 f5 7. Rb1 Nf6 8. O-O a5 9. a3 O-O 10. Bg5 h6 11. Bxf6 Bxf6 12. Nd5 Bg7 13. b4 axb4 14. axb4 Be6 15. Nd2 Kh7 16. b5 Ne7 17. Nxe7 Qxe7 18. Bxb7 Ra2 19. Bg2 Rb8 20. Ra1 Rxa1 21. Qxa1 e4 22. Qa7 Rc8 23. b6 Qd8 24. b7 Rb8 25. Nb3 c6 26. Na5 Bd7 27. dxe4 fxe4 28. Bxe4 Qc7 29. Rb1 Bc3 30. Nxc6 Bxc6 31. Bxc6 Bd4 32. Qxd4 Qxc6 33. Qd5 Qc7 34. Qb5 h5 35. Qa6 Kh6 36. Qa7 h4 37. g4 h3 38. Qe3+ Kg7 39. Qc3+ Kf7 40. Qxh3 Kg7 41. Qc3+ Kh6 42. Qe3+ Kg7 43. Qd4+ Kh6 44. Qf4+ Kg7 45. g5 Rxb7 46. Rxb7 Qxb7 47. Qf6+ Kh7 48. Qf3 Qb1+ 49. Kg2 Qc2 50. Qd3 Qc1 51. e3 Qa3 52. Qxa3 1-0


[Site "https://www.chess.com"]

[Event "Titled Tuesday Blitz November 01 Late 2022"]
[White "Rosenberg, Evan S"]
[Black "Castellanos Gomez, Alejandro"]
[WhiteFideId "2019299"]
[BlackFideId "22284141"]
[WhiteElo "2384"]
[BlackElo "2168"]
[Result "0-1"]
[Round "07"]
[TimeControl "180+1"]
[Date "2022.11.02"]
[WhiteClock "0:00:01"]
[BlackClock "0:00:04"]

1. d4 Nf6 2. Nf3 e6 3. g3 b6 4. Bg2 Bb7 5. O-O Be7 6. c4 O-O 7. Nc3 Ne4 8. Nxe4 Bxe4 9. Ne1 Bxg2 10. Nxg2 d5 11. Qa4 a6 12. Rd1 Nd7 13. cxd5 exd5 14. Bf4 b5 15. Qc2 Rc8 16. Qc6 Nb6 17. b3 Bd6 18. Rac1 f5 19. Bxd6 Qxd6 20. Nf4 Rf6 21. Qb7 g5 22. Nd3 a5 23. Ne5 f4 24. Rc6 Qf8 25. Rxb6 cxb6 26. Qxd5+ Kg7 27. Nd7 Rf5 28. Qe6 Qf7 29. Qxf7+ Kxf7 30. Nxb6 Rd8 31. a4 Rd6 32. Nc8 Rd8 33. Na7 bxa4 34. bxa4 Re8 35. d5 Ke7 36. Nc6+ Kd6 37. Nxa5 Rxd5 38. Rxd5+ Kxd5 39. Kf1 Ra8 40. Nb3 Rxa4 41. Nd2 fxg3 42. hxg3 g4 43. e3 Ra2 44. Ke1 Ra1+ 45. Ke2 h5 46. e4+ Ke5 47. Ke3 Ra3+ 48. Ke2 Rc3 49. f4+ gxf3+ 50. Nxf3+ Kxe4 51. Nd2+ Kf5 52. Kf2 Kg4 0-1


[Site "https://www.chess.com"]

[Event "Titled Tuesday Blitz November 01 Late 2022"]
[White "Sabar, Ethmane Daouda"]
[Black "Boidiya, Sidi"]
[WhiteFideId "19600097"]
[BlackFideId "19600100"]
[WhiteElo "1950"]
[BlackElo "2113"]
[Result "0-1"]
[Round "07"]
[TimeControl "180+1"]
[Date "2022.11.02"]
[WhiteClock "0:00:03"]
[BlackClock "0:01:06"]

1. b3 Nf6 2. Bb2 e6 3. e3 d5 4. f4 Bd6 5. Nf3 c6 6. c4 Qc7 7. cxd5 exd5 8. Bd3 Nbd7 9. O-O Nc5 10. Bc2 Bg4 11. h3 Bd7 12. Nc3 O-O-O 13. Rc1 Kb8 14. Qe2 Bc8 15. Nd4 Qe7 16. b4 Nce4 17. Nxe4 Nxe4 18. Bxe4 Qxe4 19. b5 c5 20. b6 cxd4 21. bxa7+ Ka8 22. Bxd4 Rhe8 23. Qb5 g5 24. Bf6 gxf4 25. Bxd8 Rxd8 26. exf4 Rg8 27. Rf2 Bxh3 28. g3 Bxf4 29. Rc3 Bxg3 30. Rxg3 Rxg3+ 31. Kh2 Rg2+ 32. Kxh3 Qg4# 0-1


[Site "https://www.chess.com"]

[Event "Titled Tuesday Blitz November 01 Late 2022"]
[White "Salman, Pavel"]
[Black "Azarov, Sergei"]
[WhiteFideId "24153753"]
[BlackFideId "13501470"]
[WhiteElo "2187"]
[BlackElo "2494"]
[Result "0-1"]
[Round "07"]
[TimeControl "180+1"]
[Date "2022.11.02"]
[WhiteClock "0:00:04"]
[BlackClock "0:00:07"]

1. Nf3 c5 2. g3 b6 3. Bg2 Bb7 4. O-O g6 5. d3 Bg7 6. Nbd2 d6 7. e4 Nc6 8. c3 e6 9. a4 Nge7 10. Nc4 O-O 11. Bg5 h6 12. Bd2 d5 13. exd5 Nxd5 14. Qc2 Qc7 15. Rfe1 Rad8 16. Rad1 Qb8 17. Ne3 Nce7 18. Ng4 Nf5 19. Qc1 Kh7 20. Nge5 Qa8 21. g4 Nfe7 22. g5 h5 23. Nh4 Nf5 24. Nxf5 exf5 25. d4 cxd4 26. cxd4 Rc8 27. Qb1 Kg8 28. Qd3 Rfd8 29. Qg3 Ne7 30. Bc3 Bxg2 31. Qxg2 Nd5 32. h4 Qb8 33. Qf3 Qd6 34. Nd3 Nxc3 35. bxc3 Rxc3 36. d5 Qxd5 37. Qxd5 Rxd5 38. Nf4 Rxd1 39. Rxd1 Rc4 40. Rd8+ Kh7 41. Nd5 Rxh4 42. Rd7 Rd4 43. Kg2 a6 44. Kf3 b5 45. axb5 axb5 46. Ke3 b4 47. Nb6 Rxd7 48. Nxd7 b3 49. Kd2 h4 50. Nc5 b2 51. Kc2 h3 52. Nd3 h2 53. f4 h1=Q 0-1


[Site "https://www.chess.com"]

[Event "Titled Tuesday Blitz November 01 Late 2022"]
[White "Sanal, Vahap"]
[Black "Firouzja, Alireza"]
[WhiteFideId "6300545"]
[BlackFideId "12573981"]
[WhiteElo "2574"]
[BlackElo "2903"]
[Result "0-1"]
[Round "07"]
[TimeControl "180+1"]
[Date "2022.11.01"]
[WhiteClock "0:00:02"]
[BlackClock "0:01:04"]

1. e4 c5 2. Nf3 e6 3. d4 cxd4 4. Nxd4 Nc6 5. Nc3 Qc7 6. g3 a6 7. Bg2 Nf6 8. O-O h5 9. h3 Bc5 10. Be3 Ne5 11. Qe2 d6 12. f4 Ng6 13. Rad1 Bd7 14. Nb3 Bxe3+ 15. Qxe3 Rd8 16. Rd2 O-O 17. Bf3 Bc6 18. g4 e5 19. f5 Nf4 20. g5 Nh7 21. h4 g6 22. Ne2 d5 23. exd5 Nxd5 24. Qc5 Ne7 25. Bxc6 bxc6 26. Ng3 e4 27. Kg2 Nd5 28. Nxe4 Qe5 29. Rd4 Ne3+ 30. Kg1 Rd5 31. Qc3 Nxf1 32. Kxf1 Qxf5+ 33. Kg2 Re8 34. Ng3 Qd7 35. Rf4 Rde5 36. Nd4 c5 37. Nf3 Re3 38. Qxc5 Nf8 39. Qd4 Qc6 40. c3 R3e7 41. Kf2 Ne6 42. Qf6 Qc5+ 43. Rd4 Nxd4 44. Nxd4 Qd5 45. Qf4 Re5 46. Qf6 Qxa2 47. Qb6 Qb1 48. Nge2 Qe4 49. Qxa6 Qxh4+ 50. Kf1 Rxg5 51. Qc6 Qh3+ 52. Kf2 Rge5 53. Qf6 Rxe2+ 54. Nxe2 Qe3+ 0-1


[Site "https://www.chess.com"]

[Event "Titled Tuesday Blitz November 01 Late 2022"]
[White "Sanchez Enriquez, Oscar Gerardo"]
[Black "Ali Abdullahi, Farah"]
[WhiteFideId "5106311"]
[BlackFideId "16100212"]
[WhiteElo "2375"]
[BlackElo "2288"]
[Result "1-0"]
[Round "07"]
[TimeControl "180+1"]
[Date "2022.11.02"]
[WhiteClock "0:01:21"]
[BlackClock "0:00:21"]

1. Nf3 e6 2. e3 d5 3. b3 c5 4. Bb2 Nc6 5. Bb5 Ne7 6. O-O a6 7. Be2 b5 8. a4 b4 9. d3 Bb7 10. Nbd2 Ng8 11. e4 Nf6 12. exd5 exd5 13. d4 Be7 14. Re1 O-O 15. Bd3 a5 16. Nf1 Re8 17. Ng3 cxd4 18. Nxd4 Bc5 19. Rxe8+ Qxe8 20. Bb5 Qe5 21. Bxc6 Bxc6 22. Qd3 Re8 23. Rd1 h5 24. Ba1 h4 25. Nxc6 hxg3 26. Bxe5 gxf2+ 27. Kf1 Ng4 28. Qxd5 Ne3+ 29. Ke2 Nxd5 30. Rxd5 Bb6 31. Rb5 Bc7 32. Kxf2 Bxe5 33. Rxe5 Ra8 34. Rxa5 Re8 35. Re5 Ra8 36. Nxb4 1-0


[Site "https://www.chess.com"]

[Event "Titled Tuesday Blitz November 01 Late 2022"]
[White "Sargsyan, Anna M."]
[Black "Ezat, Mohamed"]
[WhiteFideId "13308130"]
[BlackFideId "10600906"]
[WhiteElo "2284"]
[BlackElo "2386"]
[Result "0-1"]
[Round "07"]
[TimeControl "180+1"]
[Date "2022.11.02"]
[WhiteClock "0:00:29"]
[BlackClock "0:00:16"]

1. d4 Nf6 2. c4 c5 3. Nf3 cxd4 4. Nxd4 e5 5. Nf3 Nc6 6. g3 Bb4+ 7. Bd2 Qb6 8. Bg2 Bxd2+ 9. Nbxd2 Qxb2 10. O-O O-O 11. Nb3 Qa3 12. c5 a5 13. Rc1 a4 14. Nbd2 h6 15. Nc4 Qxc5 16. Ncxe5 Qe7 17. Nc4 d5 18. Nb6 Ra5 19. Nd4 Bg4 20. Re1 Rc5 21. Nxc6 bxc6 22. Nxa4 Rxc1 23. Qxc1 Qb4 24. Nc5 Ra8 25. Nd3 Qd6 26. Qb2 c5 27. Nf4 Rb8 28. Qd2 d4 29. e3 Rd8 30. h3 Bc8 31. exd4 cxd4 32. a4 Ba6 33. a5 d3 34. Rb1 Qc5 35. Rc1 Qd4 36. Bf1 g5 37. Ng2 Ne4 38. Qe3 Qxe3 39. fxe3 d2 40. Rd1 Bxf1 41. Kxf1 Nc3 42. Rxd2 Rxd2 43. Ne1 Ra2 0-1


[Site "https://www.chess.com"]

[Event "Titled Tuesday Blitz November 01 Late 2022"]
[White "Saucey, Michel"]
[Black "Prydun, Andriy"]
[WhiteFideId "601845"]
[BlackFideId "14145898"]
[WhiteElo "2253"]
[BlackElo "2163"]
[Result "1/2-1/2"]
[Round "07"]
[TimeControl "180+1"]
[Date "2022.11.02"]
[WhiteClock "0:00:32"]
[BlackClock "0:00:21"]

1. d4 Nf6 2. Nf3 d5 3. c4 c6 4. Nc3 e6 5. e3 Nbd7 6. Qc2 Be7 7. Be2 O-O 8. b3 b6 9. Bb2 Bb7 10. O-O Rc8 11. Rad1 Qc7 12. Ne5 Nxe5 13. dxe5 Nd7 14. f4 a6 15. Kh1 Rfd8 16. e4 dxc4 17. Bxc4 b5 18. Be2 c5 19. Rd2 Nb6 20. Rfd1 c4 21. Rxd8+ Rxd8 22. Rxd8+ Qxd8 23. bxc4 Nxc4 24. Bxc4 bxc4 25. h3 Qd3 26. Qf2 Bxe4 27. Nxe4 Qxe4 28. Bc3 h5 29. Kh2 Qd3 30. Qd2 Bh4 31. Qxd3 cxd3 32. Bd2 Bf2 33. g3 h4 34. g4 f5 35. g5 Kf7 36. Kg2 Bg3 37. Kf3 Ke8 38. Ke3 Kd7 39. Kxd3 Kc6 40. Kc4 Bf2 41. a4 g6 42. Bc1 Bb6 43. Bd2 Bc5 44. Bc1 Bf2 45. Bd2 Kb6 46. Kb4 Bc5+ 47. Kc4 Bf2 48. Kb4 Kc6 49. Kc4 Kb6 1/2-1/2


[Site "https://www.chess.com"]

[Event "Titled Tuesday Blitz November 01 Late 2022"]
[White "Shapiro, Daniel"]
[Black "O`Gorman, Tom"]
[WhiteFideId "2001780"]
[BlackFideId "2508249"]
[WhiteElo "2293"]
[BlackElo "2271"]
[Result "0-1"]
[Round "07"]
[TimeControl "180+1"]
[Date "2022.11.02"]
[WhiteClock "0:00:07"]
[BlackClock "0:01:17"]

1. d4 Nf6 2. c4 e5 3. dxe5 Ng4 4. Bf4 Nc6 5. Nf3 Bb4+ 6. Nbd2 Qe7 7. e3 Ngxe5 8. Nxe5 Nxe5 9. Be2 d6 10. O-O O-O 11. a3 Bc5 12. b4 Bb6 13. Nb3 c6 14. Qc2 Bc7 15. Rfd1 Qf6 16. Rac1 Bf5 17. Qc3 Qg6 18. c5 Be4 19. Bg3 d5 20. f3 Nxf3+ 21. Bxf3 Bxf3 22. gxf3 Bxg3 23. hxg3 Qxg3+ 24. Kh1 Qxf3+ 25. Kh2 Rae8 26. e4 Qf2+ 27. Kh1 Rxe4 28. Rd3 Rc4 29. Rf3 Qh4+ 30. Rh3 Rxc3 31. Rxh4 Rxb3 32. Ra1 g5 33. Rg4 f6 34. Rf1 h5 35. Rg2 Kg7 36. Re2 Rxa3 37. Rfe1 Rf7 38. Re8 Rb3 39. Rb8 Rxb4 40. Ree8 Kg6 0-1


[Site "https://www.chess.com"]

[Event "Titled Tuesday Blitz November 01 Late 2022"]
[White "Shipov, Sergei"]
[Black "Manolache, Marius"]
[WhiteFideId "4113624"]
[BlackFideId "1201530"]
[WhiteElo "2773"]
[BlackElo "2603"]
[Result "1-0"]
[Round "07"]
[TimeControl "180+1"]
[Date "2022.11.02"]
[WhiteClock "0:00:35"]
[BlackClock "0:00:04"]

1. d4 Nf6 2. c4 d6 3. Nf3 c6 4. Nc3 Bf5 5. h3 h6 6. g4 Bg6 7. Bg2 Nbd7 8. d5 Rc8 9. O-O Ne4 10. Bd2 Nxd2 11. Qxd2 Nb6 12. b3 h5 13. Nh4 Bh7 14. g5 g6 15. Rac1 Bg7 16. Rfd1 O-O 17. f4 Qd7 18. e4 f6 19. Nf3 fxg5 20. Nxg5 Bf6 21. Ne6 Rf7 22. Ne2 Kh8 23. N2d4 c5 24. Nf3 Rg8 25. e5 Bg7 26. Nfg5 Rff8 27. Nxf8 Rxf8 28. Rf1 Bh6 29. Qc3 Kg8 30. Rce1 Nc8 31. Ne6 Rf7 32. Qg3 Kh8 33. Be4 Qe8 34. Kh1 Qg8 35. Rg1 a6 36. Ng5 Rg7 37. e6 Qf8 38. Nxh7 Kxh7 39. Bxg6+ Kh8 40. Qh4 Qxf4 41. Qxf4 Bxf4 42. Ref1 Be3 43. Rf8+ Rg8 44. Rxg8+ Kxg8 45. Bf7+ Kh7 46. Rg8 Nb6 47. Rb8 Nxd5 48. cxd5 b5 49. Rb7 Bg5 50. Rb6 b4 51. Rxa6 Kg7 52. a3 Kf6 53. axb4 cxb4 54. Rb6 Bd2 55. Kg2 Ke5 56. Rb5 h4 57. Kf3 Be1 58. Ke3 Kf5 59. Bh5 Ke5 60. Bg4 Bc3 61. Kd3 Be1 62. Kc4 Kf6 63. Rxb4 1-0


[Site "https://www.chess.com"]

[Event "Titled Tuesday Blitz November 01 Late 2022"]
[White "Silva, Caio Henrique Angelico"]
[Black "Diaz Rosas, Julio Cesar"]
[WhiteFideId "22777210"]
[BlackFideId "5105099"]
[WhiteElo "1990"]
[BlackElo "2246"]
[Result "0-1"]
[Round "07"]
[TimeControl "180+1"]
[Date "2022.11.02"]
[WhiteClock "0:00:08"]
[BlackClock "0:00:05"]

1. Nf3 d5 2. g3 Nf6 3. Bg2 e6 4. O-O Be7 5. d4 O-O 6. c4 dxc4 7. Qc2 b5 8. a4 b4 9. Nfd2 Nd5 10. Nxc4 c5 11. dxc5 Nc6 12. Nbd2 Ba6 13. Nb3 Qc7 14. Rd1 Rad8 15. e4 Nc3 16. Rxd8 Rxd8 17. bxc3 Bxc4 18. cxb4 Bd3 19. Qd2 Bf6 20. Bb2 Bxe4 21. Qe2 Bxb2 22. Qxb2 Bxg2 23. Kxg2 Nxb4 24. Qc3 Nd5 25. Qc4 Qc6 26. Kg1 Nf6 27. Nd4 Qe4 28. Rd1 e5 29. c6 exd4 30. c7 Rc8 31. Rxd4 Qe7 32. Qc6 h6 33. Rc4 Ne8 34. Qa6 Rxc7 35. Rf4 Nf6 36. Kg2 Rd7 37. Qc8+ Kh7 38. Qc2+ g6 39. Qc3 Rd6 40. Qb4 Qd7 41. a5 Re6 42. a6 Nd5 43. Qb7 Nxf4+ 44. gxf4 Qxb7+ 45. axb7 Rb6 0-1


[Site "https://www.chess.com"]